 Dungeon Crawl Stone Soup version 0.30.0-5-g1a98f26d00 (webtiles) character file.

Game seed: 10135292723842398908

67 cforsyth the Magician (level 4, -4/31 HPs)
             Began as a Djinni Conjurer on May 9, 2023.
             Slain by Grinder (9 damage)
             ... on level 2 of the Dungeon.
             The game lasted 00:04:25 (2549 turns).

cforsyth the Magician (Djinni Conjurer)             Turns: 2549, Time: 00:04:27

Health: -4/31      AC:  2    Str:  4 (6)  XL:     4   Next: 40%
Gold:   62         EV: 12    Int: 19 (22) God:
                   SH:  0    Dex:  9 (11)

rFire   + + +        h - staff of fire
rCold   x . .        (no shield)
rNeg    . . .        a - +0 robe
rPois   ∞            (no helmet)
rElec   .            (no cloak)
rCorr   .            (no gloves)
SInv    .            (boots unavailable)
Will    .....        (no amulet)
Stlth   ++           (no ring)
HPRegen 0.25/turn    (no ring)
MPRegen 0.00/turn

%: infuse magic (-5 HP)
@: mighty, attractive, flying, very slightly contaminated, hasted, invisible,
very quick
A: sickness immunity, fire resistance 2, cold vulnerability 1, float, innate
caster, HP casting, extra vitality 1
a: no special abilities


You were on level 2 of the Dungeon.
You visited 1 branch of the dungeon, and saw 3 of its levels.

You collected 62 gold pieces.

Inventory:

Armour
 a - a +0 robe (worn)
Magical Staves
 h - a staff of fire (weapon)
Scrolls
 b - a scroll of torment {unknown}
 c - 2 scrolls of teleportation {unknown}
 d - a scroll of poison {unknown}
 e - 4 scrolls of identify {unknown}
 j - a scroll of amnesia {unknown}
 l - a scroll of brand weapon {unknown}
 n - a scroll of noise {unknown}


   Skills:
 + Level 0.2 Fighting
 + Level 2.4 Dodging
 + Level 1.9 Stealth
 + Level 4.2 Spellcasting


You knew the following spells:

 Your Spells              Type           Power      Damage    Failure   Level
a - Magic Dart            Conj           80%        1d7       2%          1
b - Searing Ray           Conj           40%        2d5       3%          2
c - Dazzling Flash        Conj/Hex       40%        N/A       7%          3
d - Fulminant Prism       Conj/Hex       10%        3d8       24%         4
e - Iskenderun's Mystic   Conj/Tloc      20%        2d6       24%         4
f - Sting                 Tmut/Pois      80%        1d7       2%          1
Your spell library was empty.

Dungeon Overview and Level Annotations

Branches:
Dungeon (3/15)

Altars:

Annotations:
D:2 Grinder
D:3 Robin, Terence


Innate Abilities, Weirdness & Mutations

You are immune to sickness and miasma.
You are immune to poison.
Your flesh is very heat resistant. (rF++)
You are vulnerable to cold. (rC-)
You float through the air rather than walking.
You learn spells naturally, not from books.
Your magical power is your life essence.
You have superior vitality. (+4 MHP)


Message History

You can move again.
Unknown command.
Unknown command.
You are too injured to fight recklessly!
Unknown command.
It was a potion of invisibility.
You fade into invisibility!
It was a potion of flight.
You feel more buoyant. Grinder gestures at you. Pain shoots through your body!
* * * LOW HITPOINT WARNING * * *
It was a potion of might.
You feel very mighty all of a sudden. Grinder gestures at you.
You resist with significant effort.
It was a potion of attraction.
You feel attractive to monsters. Grinder is attracted toward you.
You aren't carrying any items that you can evoke.
Casting: Fulminant Prism (extremely dangerous; 24% risk of failure)
Confirm with . or Enter, or press ? or * to list all spells.
Aiming: Magic Dart (safe; 2% risk of failure)
Press: ? - help, Shift-Dir - straight line, f - Grinder
Aim: Grinder (almost dead, unable to see you, 100% to hit)
The magic dart hits Grinder.
Grinder is almost dead.
* * * LOW HITPOINT WARNING * * *
Grinder gestures at you. You resist with significant effort.
Grinder is attracted toward you.
Casting: Magic Dart (safe; 2% risk of failure)
Confirm with . or Enter, or press ? or * to list all spells.
Aiming: Magic Dart (safe; 2% risk of failure)
Press: ? - help, Shift-Dir - straight line, f/p - Grinder
Aim: Grinder (almost dead, unable to see you, 100% to hit)
The magic dart hits Grinder.
Grinder is almost dead.
* * * LOW HITPOINT WARNING * * *
Grinder hits you!
You die...

######### ##...#...##
##.........## #.......5@..#
########...§.§.....########
..........................#
.########.................#
##########.......#........#
..............####........#
####
###########...............#
##... ......#
##.#..###........###....
#####.####..##.#
#...>..<.##.....


You could see Grinder (unable to see you).

Vanquished Creatures
  An adder (D:2)
  A dart slug (D:2)
  An orc (D:3)
  8 ball pythons
  3 endoplasms
  2 giant cockroaches
  7 goblins
  11 hobgoblins
  2 quokkas (D:2)
  6 bats
  2 frilled lizards (D:1)
  3 kobolds (D:1)
  2 rats
49 creatures vanquished.

Vanquished Creatures (others)
  3 fulminant prisms (D:3)
3 creatures vanquished.

Grand Total: 52 creatures vanquished

Notes
Turn   | Place    | Note
-------+----------+-------------------------------------------
     0 | D:1      | cforsyth the Djinni Conjurer began the quest for the Orb.
     0 | D:1      | cforsyth set off with the following spells memorised: Magic
                  | Dart, Searing Ray, Dazzling Flash, Fulminant Prism,
                  | Iskenderun's Mystic Blast.
     0 | D:1      | Reached XP level 1. HP: 15/15 MP: 0/0
   167 | D:1      | Reached XP level 2. HP: 20/21 MP: 0/0
   622 | D:1      | Reached XP level 3. HP: 24/25 MP: 0/0
   622 | D:1      | Learned a level 1 spell: Sting
   989 | D:2      | Reached skill level 4 in Spellcasting
  1110 | D:2      | Reached XP level 4. HP: 31/31 MP: 0/0
  1444 | D:3      | Noticed Grinder
  1453 | D:3      | Paralysed by Grinder for 5 turns
  1511 | D:3      | Noticed Terence
  1558 | D:3      | Noticed Robin
  2540 | D:2      | Paralysed by Grinder for 3 turns
  2549 | D:2      | Slain by Grinder

Illustrated notes

Levels and vault maps discovered:
D:1:      dpeg_arrival_radiant, layout_loops_ring
D:2:      layout_rooms
D:3:      layout_rooms, eat_drink_and_be_merry_uskayaw, uniq_robin,
          uniq_grinder, uniq_jessica, uniq_terence

Skill      XL: |  1  2  3 |
---------------+----------+-----
Spellcasting   | 4 |  4.2
Fighting       | |  0.2
Dodging        | |  2.4
Stealth        | |  1.9

Action                     |  1- 3 |  4- 6 || total
---------------------------+-------+-------++-------
   Cast: Magic Dart        |    78 |    43 ||   121
         Fulminant Prism   |       |     3 ||     3
    Use: Potion            |       |     7 ||     7
 Armour: Robe              |     2 |     3 ||     5
  Dodge: Dodged            |    13 |    17 ||    30
